 Dungeon Crawl Stone Soup version 0.27.0-1-g7a089689b8 (webtiles) character file.

Game seed: 18373964579714755326

133 horus123 the Skirmisher (level 5, 0/57 HPs)
             Began as an Ogre Berserker on Aug 15, 2021.
             Was a Believer of Trog.
             Slain by a gnoll (10 damage)
             ... on level 3 of the Dungeon.
             The game lasted 00:04:56 (2421 turns).

horus123 the Skirmisher (Ogre Berserker)            Turns: 2421, Time: 00:04:56

Health: 0/57       AC:  3    Str: 22    XL:     5   Next: 16%
Magic:  5/5        EV: 10    Int:  8    God:    Trog [**....]
Gold:   154        SH:  5    Dex:  8    Spells: 4/4 levels left

rFire    . . .     SeeInvis .   a - +1 hand axe
rCold    . . .     Faith    .   (no shield)
rNeg     . . .     Spirit   .   b - +0 animal skin
rPois    .         Reflect  +   (helmet restricted)
rElec    .         Harm     .   (no cloak)
rCorr    .         Rampage  .   (gloves unavailable)
Will     .....                  (boots unavailable)
Stlth    +.........             d - amulet of reflection
HPRegen  0.19/turn              (no ring)
MPRegen  0.09/turn              (no ring)

@: on berserk cooldown, slowed, very slow
A: large, unfitting armour, tough skin 1
a: Renounce Religion, Berserk, Trog's Hand


You were on level 3 of the Dungeon.
You worshipped Trog.
Trog was pleased with you.
You visited 1 branch of the dungeon, and saw 3 of its levels.

You collected 154 gold pieces.

Inventory:

Hand Weapons
 a - a +1 hand axe (weapon)
Missiles
 i - 3 silver boomerangs (quivered)
Armour
 b - a +0 animal skin (worn)
Jewellery
 d - an amulet of reflection (around neck)
Scrolls
 f - a scroll of identify
 g - a scroll of teleportation
 k - a scroll of vulnerability
Potions
 c - a potion of mutation {unknown}
 e - 2 potions of curing
 h - 2 potions of lignification
 j - a potion of resistance {unknown}
 l - a potion of brilliance {unknown}


   Skills:
 + Level 5.2 Fighting
 + Level 3.7 Axes
 * Level 0.5 Throwing
 + Level 3.9 Dodging
 + Level 0.1 Stealth
 + Level 0.1 Shields


You had 4 spell levels left.
You didn't know any spells.
Your spell library was empty.

Dungeon Overview and Level Annotations

Branches:
Dungeon (3/15)

Altars:
Trog

Shops:
D:2 *

Annotations:
D:3 3 runed translucent doors, WaxSun's ghost, amateur FoAK; shadowrider38's ghost, amateur DrAE


Innate Abilities, Weirdness & Mutations

You are too large for most types of armour.
You have tough skin. (AC +1)


Message History

The endoplasm quivers. x2
The goblin closely misses you. You block the kobold's attack.
The gnoll moves out of view.
Things that are here:
a +0 halberd; a gnoll corpse You barely miss the goblin.
You slash the kobold!
You kill the kobold!
Trog accepts your kill. The goblin hits you but does no damage.
You barely miss the goblin. The goblin hits you with a +0 dagger.
You barely miss the goblin. You slash the goblin!
You kill the goblin!
Trog accepts your kill. The endoplasm barely misses you.
Found 2 lumpy silvery potions.
Things that are here:
a +0 dagger; a goblin corpse You barely miss the endoplasm.
The endoplasm freezes you.
You are frozen.
You slash the endoplasm!
You kill the endoplasm!
Trog accepts your kill.
You are no longer berserk.
You are exhausted.
You feel yourself slow down.
You closely miss the gnoll. The gnoll closely misses you. x2
You closely miss the gnoll. The gnoll misses you.
You barely miss the gnoll.
The gnoll hits you with a +0 whip of distortion!
You blink.
A worm comes into view.
The gnoll hits you with a +0 whip of distortion.
Space warps horribly around you!!
* * * LOW HITPOINT WARNING * * *
You slash the gnoll!
The gnoll is severely wounded.
The gnoll hits you with a +0 whip of distortion!
You die...

.........................[....†..
.#####.#......#####.......####.#.
.#####.#......# ######### #.#.
..............# #.##
.####.##......########## #####.##
....#.....######........ #.......
#....####.######<####### #.####..
........................ ......
#....####.######@####### #.#...
#...(# #.# #g# ####! # #...
#....# #.# ####J##...... ##..
##.### #.# #...)).J..... .<..
#.######.###.##.##...... ##...
#..........# ..w# ##... #...
#.........######. . # #.........#
. #. ##.......## . #.


You could see a worm, a gnoll and an endoplasm.

Vanquished Creatures
  5 gnolls
  3 adders
  A dart slug (D:1)
  7 bats
  6 endoplasms
  3 giant cockroaches
  4 goblins
  4 hobgoblins
  4 jackals (D:1)
  A quokka (D:2)
  4 ball pythons
  A frilled lizard (D:1)
  5 kobolds
  6 rats
54 creatures vanquished.

Vanquished Creatures (others)
  2 withered plants (D:3)
2 creatures vanquished.

Grand Total: 56 creatures vanquished

Notes
Turn   | Place    | Note
-------+----------+-------------------------------------------
     0 | D:1      | horus123 the Ogre Berserker began the quest for the Orb.
     0 | D:1      | Reached XP level 1. HP: 24/24 MP: 1/1
    31 | D:1      | Found a faded altar of an unknown god.
   194 | D:1      | Reached XP level 2. HP: 31/32 MP: 2/2
   751 | D:1      | Reached XP level 3. HP: 40/40 MP: 3/3
  1167 | D:2      | Reached skill level 5 in Fighting
  1167 | D:2      | Reached XP level 4. HP: 50/50 MP: 4/4
  1327 | D:2      | Found Vapreepn's General Store.
  1440 | D:2      | Reached ** piety under Trog
  2058 | D:3      | Found a runed translucent gate.
  2058 | D:3      | Found a runed translucent gate.
  2058 | D:3      | Found a runed translucent gate.
  2059 | D:3      | Noticed WaxSun's ghost (amateur FoAK)
  2060 | D:3      | Noticed shadowrider38's ghost (amateur DrAE)
  2172 | D:3      | Found a bloodstained altar of Trog.
  2405 | D:3      | Reached XP level 5. HP: 39/57 MP: 5/5
  2421 | D:3      | Slain by a gnoll

Illustrated notes

Levels and vault maps discovered:
D:1:      amcnicky_arrival_single_pillar, layout_basic,
          shapermc_ecumenical_altar_rom_forum, minmay_misc_feat_four_crosses,
          hangedman_decor_growths, skrybe_limestone_x
D:2:      layout_loops_ring, serial_shops, nicolae_diamond_shop
D:3:      layout_basic, mainiacjoe_overflow_small_starburst,
          gammafunk_ghost_cemetery

Skill      XL: |  1  2  3 |
---------------+----------+-----
Dodging        | 3 |  3.9
Fighting       | 5 |  5.2
Axes           | |  3.7
Throwing       | |  0.5
Stealth        | |  0.1
Shields        | |  0.1

Action                   |  1- 3 |  4- 6 || total
-------------------------+-------+-------++-------
Melee: Hand axe          |    85 |    75 ||   160
Throw: Boomerang         |       |     1 ||     1
Invok: Berserk           |     1 |     1 ||     2
  Use: Scroll            |     1 |     5 ||     6
Armor: Animal skin       |    36 |    30 ||    66
Dodge: Dodged            |    61 |    36 ||    97
Block: Other             |     1 |    19 ||    20
